 Dungeon Crawl Stone Soup version 0.27.1-33-g824d729ab1 (webtiles) character file.

Game seed: 15244617200214082646

16 Descartes the Grasshopper (level 2, 0/14 HPs)
             Began as a Spriggan Warper on Dec 2, 2021.
             Slain by a worm (10 damage)
             ... on level 3 of the Dungeon.
             The game lasted 00:01:36 (835 turns).

Descartes the Grasshopper (Spriggan Warper)          Turns: 835, Time: 00:01:36

Health: 0/14       AC:  2    Str:  7    XL:     2   Next: 41%
Magic:  6/6        EV: 18    Int: 14    God:
Gold:   44         SH:  0    Dex: 14    Spells: 6/6 levels left

rFire    . . .     SeeInvis +   a - +0 short sword
rCold    . . .     Faith    .   (shield restricted)
rNeg     . . .     Spirit   .   b - +0 robe
rPois    .         Reflect  .   (helmet restricted)
rElec    .         Harm     .   (no cloak)
rCorr    .         Rampage  .   (gloves unavailable)
Will     .....                  (boots unavailable)
Stlth    ++........             (no amulet)
HPRegen  0.04/turn              (no ring)
MPRegen  0.10/turn              (no ring)

@: very quick
A: very small, no large weapons, unfitting armour, see invisible, speed 3
a: no special abilities


You were on level 3 of the Dungeon.
You visited 1 branch of the dungeon, and saw 3 of its levels.

You collected 44 gold pieces.

Inventory:

Hand Weapons
 a - a +0 short sword (weapon)
 g - a +0 dagger of electrocution
Missiles
 d - 5 boomerangs of dispersal (quivered)
 h - 2 stones
Armour
 b - a +0 robe (worn)
Scrolls
 c - a scroll of blinking
 e - a scroll of holy word {unknown}
 f - a scroll of amnesia {unknown}
Potions
 i - 2 potions of ambrosia {unknown}
 j - 2 potions of might {unknown}


   Skills:
 - Level 1.5 Fighting
 - Level 2.1 Short Blades
 - Level 1.0 Throwing
 + Level 3.9 Dodging
 + Level 2.3 Stealth
 - Level 2.6 Spellcasting
 - Level 4.4 Translocations


You had 6 spell levels left.
You didn't know any spells.
Your spell library contained the following spells:

 Spells                   Type           Power      Damage    Failure   Level
 Blink                    Tloc           N/A        N/A       5%          2
 Gell's Gravitas          Tloc           7%         N/A       11%         3
 Lesser Beckoning         Tloc           7%         N/A       11%         3
 Teleport Other           Tloc           14%        N/A       11%         3
 Manifold Assault         Tloc           14%        N/A       71%         5


Dungeon Overview and Level Annotations

Branches:
Dungeon (1/15)

Altars:
Ru


Innate Abilities, Weirdness & Mutations

You are very small and have problems with some larger weapons.
You are too small for most types of armour.
You have supernaturally acute eyesight. (SInv)
You cover ground extremely quickly. (Speed+++)


Message History

You closely miss the kobold.
The kobold is moderately wounded.
The kobold barely misses you.
You hit the kobold.
The kobold is severely wounded.
The kobold completely misses you.
You hit the kobold.
You kill the kobold!
No target in view!
No target in view!
No target in view!
No target in view!
No target in view!
No target in view!
No target in view!
No target in view!
No target in view!
No target in view!
No target in view!
No target in view!
No target in view!
No target in view!
No target in view!
No target in view!
No target in view!
No target in view!
A worm comes into view.
Found a robe and 15 gold pieces.
Found a stone staircase leading down.
You hit the worm but do no damage. The worm barely misses you.
You barely miss the worm. You barely miss the worm. The worm bites you.
You hit the worm but do no damage. You hit the worm.
The worm is lightly wounded.
The worm barely misses you.
You hit the worm.
The worm is moderately wounded.
The worm bites you!
Ouch! That really hurt!
You die...

..... #.# #####
#.# ########.#
#........#
..#####.########
. ......)..# #
.######..# #
#.)# #@.#
#.$..[w....#
#.#####..#.#
#..#.# #..# #
#..# ...# .>##


You could see a worm.

Vanquished Creatures
  A dart slug (D:1)
  A ball python (D:1)
  2 giant cockroaches
  A goblin (D:3)
  2 hobgoblins (D:3)
  A bat (D:1)
  2 frilled lizards (D:3)
  4 kobolds
  A rat (D:3)
15 creatures vanquished.

Notes
Turn   | Place    | Note
-------+----------+-------------------------------------------
     0 | D:1      | Descartes the Spriggan Warper began the quest for the Orb.
     0 | D:1      | Reached XP level 1. HP: 10/10 MP: 5/5
   319 | D:1      | Reached skill level 1 in Stealth
   382 | D:1      | Reached XP level 2. HP: 9/14 MP: 6/6
   492 | D:1      | You fall into a shaft and drop 1 floor!
   493 | D:2      | You fall into a shaft and drop 1 floor!
   531 | D:3      | Found a sacrificial altar of Ru.
   835 | D:3      | Slain by a worm

Illustrated notes

Levels and vault maps discovered:
D:1:      evilmike_arrival_rings, layout_basic, serial_shops,
          nicolae_shop_statue_plus
D:2:      layout_basic, serial_shops, nicolae_shop_waterfront,
          nicolae_diamond_shop, nicolae_shop_trees,
          hellmonk_ecumenical_altar_inner_sanctum, minmay_pentomino_o4
D:3:      layout_loops_ring, mainiacjoe_overflow_swirl,
          nemelex_spade_bored_becter, nicolae_ru_awakened_eye

Skill      XL: |  1  2 |
---------------+-------+-----
Stealth        | 1 2 |  2.3
Fighting       | |  1.5
Short Blades   | |  2.1
Throwing       | |  1.0
Dodging        | |  3.9
Spellcasting   | |  2.6
Translocations | |  4.4

Action                   || total
-------------------------++-------
Melee: Short sword       ||    63
 Stab: Sleeping          ||     2
Armor: Robe              ||     5
Dodge: Dodged            ||    41
